 Dungeon Crawl Stone Soup version 0.28.0-1-gb440e238dd (webtiles) character file.

Game seed: 3196686483678058452

5 a3don the Magician (level 1, 0/9 HPs)
             Began as a Spriggan Hedge Wizard on Feb 21, 2022.
             Slain by a bat (1 damage)
             ... on level 1 of the Dungeon.
             The game lasted 00:01:01 (302 turns).

a3don the Magician (Spriggan Hedge Wizard)           Turns: 302, Time: 00:01:02

Health: 0/9        AC:  2    Str:  6    XL:     1   Next: 66%
Magic:  2/6        EV: 17    Int: 15    God:
Gold:   7          SH:  0    Dex: 14    Spells: 7/8 levels left

rFire   . . .      SeeInvis +   a - +0 dagger
rCold   . . .      Faith    .   (no shield)
rNeg    . . .      Spirit   .   b - +0 robe
rPois   .          Reflect  .   c - +0 hat
rElec   .          Harm     .   (no cloak)
rCorr   .          Rampage  .   (gloves unavailable)
Will    .....                   (boots unavailable)
Stlth   ++........              (no amulet)
HPRegen 0.03/turn               (no ring)
MPRegen 0.10/turn               (no ring)

@: very quick
A: very small, no large weapons, unfitting armour, see invisible, speed 3
a: no special abilities


You were on level 1 of the Dungeon.
You visited 1 branch of the dungeon, and saw 1 of its levels.

You collected 7 gold pieces.

Inventory:

Hand Weapons
 a - a +0 dagger (weapon)
Missiles
 f - 26 stones (quivered)
Armour
 b - a +0 robe (worn)
 c - a +0 hat (worn)
Scrolls
 d - a scroll of identify {unknown}
 e - a scroll of teleportation {unknown}


   Skills:
 + Level 2.9 Dodging
 + Level 3.1 Stealth
 + Level 4.0 Spellcasting
 + Level 0.7 Conjurations
 + Level 0.8 Summonings
 + Level 1.7 Translocations


You had 7 spell levels left.
You knew the following spells:

 Your Spells              Type           Power      Damage    Failure   Level
a - Magic Dart            Conj           20%        1d4       13%         1

Your spell library contained the following spells:

 Spells                   Type           Power      Damage    Failure   Level
 Blink                    Tloc           16%        N/A       13%         2
 Slow                     Hex            12%        N/A       19%         1
 Call Imp                 Summ           5%         N/A       19%         2
 Conjure Flame            Conj/Fire      4%         6-21      43%         3
 Mephitic Cloud           Conj/Pois/Air  3%         N/A       43%         3


Dungeon Overview and Level Annotations

Branches:
Dungeon (1/15)

Altars:


Innate Abilities, Weirdness & Mutations

You are very small and have problems with some larger weapons.
You are too small for most types of armour.
You have supernaturally acute eyesight. (SInv)
You cover ground extremely quickly. (Speed+++)


Message History

Aiming: Magic Dart (safe; 13% risk of failure)
Press: ? - help, Shift-Dir - straight line, f/p - hobgoblin
Aim: a hobgoblin (moderately wounded, 100% to hit)
The magic dart hits the hobgoblin.
The hobgoblin is severely wounded.
The bat hits you but does no damage. The bat completely misses you.
The hobgoblin misses you.
Casting: Magic Dart (safe; 13% risk of failure)
Confirm with . or Enter, or press ? or * to list all spells.
Aiming: Magic Dart (safe; 13% risk of failure)
Press: ? - help, Shift-Dir - straight line, f/p - hobgoblin
Aim: a hobgoblin (severely wounded, 100% to hit)
The magic dart hits the hobgoblin.
The hobgoblin is almost dead.
The bat hits you but does no damage. The bat misses you.
The hobgoblin closely misses you.
Casting: Magic Dart (safe; 13% risk of failure)
Confirm with . or Enter, or press ? or * to list all spells.
Aiming: Magic Dart (safe; 13% risk of failure)
Press: ? - help, Shift-Dir - straight line, f/p - hobgoblin
Aim: a hobgoblin (almost dead, 100% to hit)
The magic dart hits the hobgoblin.
You kill the hobgoblin!
The bat hits you but does no damage. The bat misses you.
The bat barely misses you.
You see here a hobgoblin corpse.
The bat completely misses you.
Your magical contamination has completely faded away.
The bat closely misses you.
Casting: Magic Dart (safe; 13% risk of failure)
Confirm with . or Enter, or press ? or * to list all spells.
Aiming: Magic Dart (safe; 13% risk of failure)
Press: ? - help, Shift-Dir - straight line, f - bat
Aim: a bat (100% to hit)
The magic dart hits the bat but does no damage.
The bat closely misses you. The bat hits you but does no damage.
The bat hits you but does no damage. The bat hits you.
You die...

###
#########.#
.......@b.#
#########.#
#.# #.# #.#
#####.#
#....K#
#....g# .
#.....# #.


You could see a bat.

Vanquished Creatures
  3 hobgoblins (D:1)
  A ball python (D:1)
  A kobold (D:1)
5 creatures vanquished.

Notes
Turn   | Place    | Note
-------+----------+-------------------------------------------
     0 | D:1      | a3don the Spriggan Hedge Wizard began the quest for the
                  | Orb.
     0 | D:1      | Reached XP level 1. HP: 9/9 MP: 6/6
   302 | D:1      | Slain by a bat

Illustrated notes

Levels and vault maps discovered:
D:1:      scummos_arrival_star, layout_basic, shapermc_ecumenical_altar_pompeii,
          chequers_serial_rivers_small_3

Action                   || total
-------------------------++-------
Melee: Dagger            ||    11
Throw: Stone             ||     9
 Cast: Magic Dart        ||    14
Armor: Robe              ||     7
Dodge: Dodged            ||    45
